 Dungeon Crawl Stone Soup version 0.18.1-8-gdd0e5ea (webtiles) character file.

198 zeroDi the Cutter (level 5, -1/26 HPs)
             Began as a Vine Stalker Assassin on May 29, 2016.
             Slain by a gnoll
             ... wielding a cursed -1 whip
              (8 damage)
             ... on level 4 of the Dungeon.
             The game lasted 00:04:47 (3484 turns).

zeroDi the Cutter (Vine Stalker Assassin)           Turns: 3484, Time: 00:04:48

Health: -1/26      AC:  3    Str: 13    XL:     5   Next: 77%
Magic:  0/6        EV: 11    Int: 11    God:
Gold:   167        SH:  0    Dex: 17    Spells: 0 memorised, 4 levels left

rFire  . . .     SeeInvis .     a - +2 dagger
rCold  . . .     Gourm    .     c - +0 robe
rNeg   . . .     Faith    .     (no shield)
rPois  .         Spirit   +     (no helmet)
rElec  .         Dismiss  .     d - +0 cloak
rCorr  .         Reflect  .     (no gloves)
SustAt .         Harm     .     (no boots)
MR     .....                    (no amulet)
Stlth  +++.......               (no ring)
                                (no ring)

@: not resistant to hostile enchantments, fairly stealthy
A: fangs 2, regeneration 1, magic shield, antimagic bite, no device heal 3, rot
immunity
a: no special abilities


You were on level 4 of the Dungeon.
You were hungry.

You visited 1 branch of the dungeon, and saw 4 of its levels.

You collected 167 gold pieces.


Innate Abilities, Weirdness & Mutations

You have extremely sharp teeth.
Your natural rate of healing is unusually fast.
When hurt, damage is shared between your health and your magic reserves.
Your bite disrupts and absorbs the magic of your enemies.
Potions and wands cannot restore your health.
You are immune to rotting.


   Skills:
 - Level 1.7 Fighting
 + Level 5.3 Short Blades
 - Level 1.7 Throwing
 - Level 0.7 Dodging
 - Level 4.8 Stealth


You had 4 spell levels left.
You didn't know any spells.

Inventory:

Hand Weapons
 a - a +2 dagger (weapon)
 b - a +0 blowgun
 u - a cursed -3 hunting sling
Missiles
 e - 23 poisoned needles
 s - 2 javelins (quivered)
 v - 101 stones
Armour
 c - a +0 robe (worn)
 d - a +0 cloak (worn)
Jewellery
 t - a cursed amulet of inaccuracy {unknown}
Wands
 A - a wand of iceblast (8/15)
Scrolls
 h - a scroll of noise {unknown}
 j - a scroll of fear {unknown}
 l - a scroll of amnesia {unknown}
 m - 2 scrolls of immolation {unknown}
 p - 6 scrolls of identify {unknown}
 q - a scroll of recharging {unknown}
 r - 2 scrolls of remove curse {unknown}
 y - 2 scrolls of enchant armour {unknown}
Potions
 i - a potion of degeneration {unknown}
 k - 2 potions of berserk rage {unknown}
 n - 2 potions of flight {unknown}
 o - 2 potions of beneficial mutation {unknown}
 x - a potion of haste {unknown}
 z - a potion of curing {unknown}
Comestibles
 g - 5 bread rations
 w - 2 meat rations

Dungeon Overview and Level Annotations

Branches:
Dungeon (4/15)
 Temple: D:4-7

Altars:
Makhleb

....(g.ggg...#
############g# #.. #)#
#.# #.# #.# #.#.# #.#
#.#.# ############### #.#
#.#.# #.............# #.#
#.#(#####.###########.#
#.# #.#...g@.......# #.#
#.########.#######.####.#
#.# ...(......>#
#........# #.#
#.#........# #.#.###..#
#.# #.#.######.#
#.#...#..# #.# #.#.# #.#
#.#.#.#..# #.# #.#.# #.#
#.#.#.#..# #.# #.#.#
#.#####.#...#..# #.#
#.#.#
#.......#.###..######.#


You could see a gnoll.


Message History

You hit the gnoll.
The gnoll is almost dead.
You kill the gnoll!
You hit the gnoll. Your bite misses the gnoll.
The gnoll is lightly wounded.
You completely miss the gnoll. You bite the gnoll. You drain its power.
You feel invigorated.
The gnoll is moderately wounded.
The gnoll hits you with an enchanted whip!
* * * LOW HITPOINT WARNING * * *
You hit the gnoll. You bite the gnoll, but do no damage.
The gnoll is severely wounded.
The gnoll hits you with an enchanted whip.
* * * LOW HITPOINT WARNING * * *
You barely miss the gnoll.
The gnoll is severely wounded.
You barely miss the gnoll. Your bite misses the gnoll.
The gnoll is severely wounded.
The gnoll hits you with an enchanted whip!
You die...

Action                   |  1- 3 |  4- 6 || total
-------------------------+-------+-------++-------
Melee: Dagger            |    82 |   109 ||   191
       Bite              |    18 |    39 ||    57
 Fire: Blowgun           |       |     3 ||     3
 Stab: Sleeping          |     6 |     8 ||    14
       Distracted        |     2 |       ||     2
  Eat: Chunk             |     2 |     5 ||     7
Armor: Robe              |    13 |    11 ||    24
Dodge: Dodged            |    45 |    47 ||    92

Vault maps used:
D:1:      scummos_arrival_gate, st_stairs_5
D:2:      first_bread, grunt_decor_mini_mirrors, bloody_makhleb
D:3:      ecumenical_altar_1, kennysheep_generic_room_11

Notes
Turn   | Place    | Note
--------------------------------------------------------------
     0 | D:1      | zeroDi the Vine Stalker Assassin began the quest for the Orb.
     0 | D:1      | Reached XP level 1. HP: 11/11 MP: 2/2
    51 | D:1      | Reached skill level 2 in Short Blades
   409 | D:1      | Reached XP level 2. HP: 15/15 MP: 3/3
  1050 | D:2      | Reached skill level 3 in Short Blades
  1083 | D:2      | Reached XP level 3. HP: 18/18 MP: 4/4
  1109 | D:2      | Found a burning altar of Makhleb.
  1710 | D:2      | Reached XP level 4. HP: 16/23 MP: 3/5
  1857 | D:2      | Reached skill level 4 in Short Blades
  2869 | D:3      | Found a faded altar to an unknown god.
  2984 | D:3      | Reached XP level 5. HP: 13/26 MP: 6/6
  3465 | D:4      | Reached skill level 5 in Short Blades
  3484 | D:4      | Slain by a gnoll

Vanquished Creatures
  A gnoll shaman (D:4)
  An iguana (D:3)
  3 gnolls (D:4)
  4 adders
  3 worms (D:2)
  2 dart slugs (D:1)
  4 giant geckos (D:2)
  A ball python (D:2)
  6 giant cockroaches
  8 goblins
  5 hobgoblins
  3 jackals (D:3)
  A quokka (D:2)
  5 bats
  A giant newt (D:2)
  9 kobolds
  11 rats
68 creatures vanquished.
